 Dungeon Crawl Stone Soup version 0.29.1 (webtiles) character file.

Game seed: 12756395606605142477

1996 Tsarbomb the Basher (level 9, -2/67 HPs)
             Began as a Palentonga Berserker on Sept 15, 2022.
             Was a Priest of Trog.
             Splashed by a jelly's acid (8 damage)
             ... on level 6 of the Dungeon.
             The game lasted 00:12:33 (6288 turns).

Tsarbomb the Basher (Palentonga Berserker)          Turns: 6288, Time: 00:12:34

Health: -2/67      AC:  7    Str: 32    XL:     9   Next: 1%
Magic:  9/9        EV:  9    Int:  7    God:    Trog [***...]
Gold:   250        SH:  0    Dex: 11    Spells: 8/8 levels left

rFire   + . .      SeeInvis +   y - +1 hand axe (vorpal)
rCold   . . .      Faith    .   (no shield)
rNeg    + . .      Spirit   .   l - +2 ring mail {rF+}
rPois   .          Reflect  .   (no helmet)
rElec   .          Harm     .   (no cloak)
rCorr   .          Rampage  .   q - +0 pair of gloves
Will    ++...                   (no barding)
Stlth   +.........              (no amulet)
HPRegen 1.21/turn               d - ring of positive energy
MPRegen 0.11/turn               v - +6 ring of strength

@: strong-willed, corroded, on berserk cooldown, regenerating, slowed, curled
up, very slow
A: large, rugged brown scales 3, see invisible, deformed body, roll 1, armoured
tail, reflexive curl
a: Rolling Charge, Renounce Religion, Berserk, Trog's Hand


You were on level 6 of the Dungeon.
You worshipped Trog.
Trog was most pleased with you.
You visited 1 branch of the dungeon, and saw 6 of its levels.

You collected 250 gold pieces.

Inventory:

Hand Weapons
 y - a +1 vorpal hand axe (weapon)
Missiles
 f - 3 poisoned darts
 B - 4 datura-tipped darts
Armour
 l - a +2 ring mail of fire resistance (worn)
 q - a +0 pair of gloves (worn)
Jewellery
 d - a ring of positive energy (left hand)
 r - an amulet of magic regeneration
 v - a +6 ring of strength (right hand)
Wands
 p - a wand of flame (4)
Scrolls
 b - 3 scrolls of fear {unknown}
 c - 3 scrolls of amnesia {unknown}
 g - 3 scrolls of vulnerability {unknown}
 h - 2 scrolls of summoning {unknown}
 n - 3 scrolls of identify {unknown}
 s - a scroll of blinking {unknown}
 u - 6 scrolls of enchant armour {unknown}
 w - 2 scrolls of noise {unknown}
 x - a scroll of teleportation {unknown}
Potions
 a - a potion of ambrosia {unknown}
 e - a potion of attraction {unknown}
 i - a potion of haste {unknown}
 j - a potion of heal wounds {unknown}
 k - 2 potions of curing
 m - 4 potions of mutation {unknown}
 o - a potion of lignification {unknown}
 t - a potion of cancellation {unknown}
 z - a potion of magic
 A - a potion of flight {unknown}


   Skills:
 - Level 3.0 Fighting
 - Level 3.0(8.1) Axes
 + Level 11.7(11.8) Maces & Flails
 - Level 1.5 Armour
 - Level 1.5 Dodging


You had 8 spell levels left.
You didn't know any spells.
Your spell library was empty.

Dungeon Overview and Level Annotations

Branches:
Dungeon (6/15)
 Temple: D:4-7

Altars:
Dithmenos
Hepliaklqana
Xom
Zin


Innate Abilities, Weirdness & Mutations

You are completely covered in rugged brown scales. (AC +3, +7% HP)
You have supernaturally acute eyesight. (SInv)
Armour fits poorly on your strangely shaped body.
You can roll at nearby foes to attack.
You have a long armoured tail.
You curl defensively after being hit. (AC +7*)


Message History

Increase (S)trength, (I)ntelligence, or (D)exterity?
You feel agile. x2
You slash the jelly! The acid corrodes you!
Your hands burn!
You tail-slap the jelly.
You kill the jelly!
Trog accepts your kill.
You are no longer berserk.
You are exhausted.
You feel yourself slow down. The jelly barely misses you.
There is an open door here.
You completely miss the jelly. You tail-slap the jelly.
The jelly is lightly wounded.
You hit the jelly.
Your hands burn!
You hit the jelly.
Your hands burn!
The jelly hits you but does no damage. The jelly barely misses you.
The jelly completely misses you.
You hit the jelly but do no damage.
Your hands burn!
The jelly is lightly wounded.
You hit the jelly. The acid corrodes you!
Your hands burn!
You hit the jelly. The acid corrodes you!
Your hands burn!
You feel the effects of Trog's Hand fading.
The jelly hits you.
You are splashed with acid!
The jelly closely misses you.
The jelly hits you but does no damage. x4
The jelly attacks as you move away! The jelly barely misses you. x2
Your skin stops crawling.
You feel less strong-willed. The jelly hits you.
You are splashed with acid!
The jelly hits you.
You are splashed with acid.
The jelly attacks as you move away! The jelly closely misses you.
The jelly attacks as you move away! The jelly hits you.
You are splashed with acid!
* * * LOW HITPOINT WARNING * * *
The jelly hits you.
* * * LOW HITPOINT WARNING * * *
The acid corrodes you!
You are splashed with acid!
* * * LOW HITPOINT WARNING * * *
Your skin crawls.
You feel strong-willed. The jelly hits you.
* * * LOW HITPOINT WARNING * * *
You are splashed with acid!
You die...

##'## ###.# #.#.#
#J..# # #J### . #J# #
###J# . ##.#J# #
##...@# . ##.....#####
. ########.......... #
............^..>######
#
.#######.#...........#
# #.#......####.# #
#####.......## #.# #
............## #.# #
.#######.#### #.# #


You could see 3 jellies and 2 endoplasms.

Vanquished Creatures
  A slime creature (D:6)
  Sigmund (D:3)
  Menkaure (D:6)
  3 water moccasins (D:5)
  An orc warrior (D:5)
  An ice beast (D:5)
  A black bear (D:5)
  2 ogres
  A necrophage (D:4)
  A scorpion (D:5)
  4 jellies (D:6)
  4 orc priests
  2 hounds
  Jessica (D:3)
  An iguana (D:6)
  4 orc wizards
  Robin (D:3)
  2 adders
  4 gnolls (D:6)
  A shadow imp (D:5)
  2 dart slugs
  12 orcs
  11 ball pythons
  20 endoplasms
  3 giant cockroaches
  18 goblins
  7 hobgoblins
  6 jackals
  5 quokkas
  8 bats
  4 frilled lizards
  6 kobolds
  9 rats
148 creatures vanquished.

Vanquished Creatures (others)
  4 fungi (D:6)
4 creatures vanquished.

Grand Total: 152 creatures vanquished

Notes
Turn   | Place    | Note
-------+----------+-------------------------------------------
     0 | D:1      | Tsarbomb the Palentonga Berserker began the quest for the
                  | Orb.
     0 | D:1      | Reached XP level 1. HP: 19/19 MP: 1/1
    94 | D:1      | Reached skill level 1 in Maces & Flails
   150 | D:1      | Reached XP level 2. HP: 22/25 MP: 2/2
   399 | D:1      | Reached skill level 2 in Maces & Flails
  1147 | D:2      | Reached XP level 3. HP: 31/31 MP: 3/3
  1223 | D:2      | Reached ** piety under Trog
  1367 | D:2      | Reached skill level 3 in Maces & Flails
  2123 | D:2      | Found a faded altar of an unknown god.
  2191 | D:3      | Found a hazy altar of Hepliaklqana.
  2208 | D:3      | Noticed Jessica
  2210 | D:3      | Reached XP level 4. HP: 37/37 MP: 4/4
  2213 | D:3      | Killed Jessica
  2214 | D:3      | Reached skill level 4 in Maces & Flails
  2226 | D:3      | Noticed Sigmund
  2250 | D:3      | Killed Sigmund
  2251 | D:3      | Reached skill level 5 in Maces & Flails
  2251 | D:3      | Reached XP level 5. HP: 39/43 MP: 5/5
  2421 | D:3      | Noticed Robin
  2424 | D:3      | Reached XP level 6. HP: 50/50 MP: 6/6
  2430 | D:3      | Reached skill level 6 in Maces & Flails
  2435 | D:3      | Killed Robin
  3045 | D:4      | Found a glowing silver altar of Zin.
  3388 | D:4      | Reached *** piety under Trog
  3419 | D:4      | Found a shimmering altar of Xom.
  3578 | D:4      | Reached skill level 7 in Maces & Flails
  3715 | D:4      | Gained mutation: You curl defensively after being hit. (AC
                  | +7*) [Palentonga growth]
  3715 | D:4      | Reached XP level 7. HP: 52/55 MP: 7/7
  4070 | D:5      | Entered Level 5 of the Dungeon
  4097 | D:5      | Reached skill level 8 in Maces & Flails
  4806 | D:5      | Reached skill level 9 in Maces & Flails
  5048 | D:5      | Reached XP level 8. HP: 21/62 MP: 8/8
  5055 | D:5      | Reached skill level 10 in Maces & Flails
  5327 | D:5      | Found a shadowy altar of Dithmenos.
  6059 | D:6      | Noticed Menkaure
  6068 | D:6      | Killed Menkaure
  6069 | D:6      | Reached skill level 11 in Maces & Flails
  6255 | D:6      | Noticed a slime creature
  6274 | D:6      | Killed a slime creature
  6276 | D:6      | Reached XP level 9. HP: 67/67 MP: 9/9
  6288 | D:6      | Splashed by a jelly's acid

Illustrated notes

Levels and vault maps discovered:
D:1:      wheals_arrival_shading, layout_basic, nicolae_kite_square_tiling_tiny,
          hangedman_decor_riveting, minmay_tall_x
D:2:      layout_basic, shapermc_ecumenical_altar_mp_vishouse,
          serial_park_tiny_1, grunt_ministairs_12, chequers_serial_rivers_room_b
D:3:      layout_rooms, mainiacjoe_overflow_paths, st_stairs_3, uniq_jessica,
          uniq_robin, uniq_sigmund
D:4:      layout_cave_pods, mainiacjoe_overflow_six_doors_small,
          brannock_xom_greatest_gift, minmay_cupped
D:5:      layout_cave_pods, nicolae_dithmenos_through_a_glass_darkly,
          kennysheep_boxes
D:6:      lemuel_slime, layout_loops_ring, minmay_temple_entry_poolview,
          kennysheep_crisscross, minmay_ogre_servants, uniq_menkaure

Skill      XL: |  1  2  3  4  5  6  7  8 |
---------------+-------------------------+-----
Maces & Flails | 1 2 3 5 7 9 11 | 11.7
Fighting       | |  3.0
Axes           | |  3.0
Armour         | |  1.5
Dodging        | |  1.5

Action                   |  1- 3 |  4- 6 |  7- 9 || total
-------------------------+-------+-------+-------++-------
Melee: Hand axe          |   153 |   116 |   135 ||   404
       Tailslap          |    10 |    13 |    16 ||    39
       Punch             |     1 |     1 |       ||     2
Invok: Berserk           |       |     3 |     3 ||     6
       Trog's Hand       |       |     2 |     8 ||    10
 Abil: Rolling Charge    |     5 |     3 |     7 ||    15
  Use: Potion            |       |       |     2 ||     2
Armor: Animal skin       |    22 |       |       ||    22
       Ring mail         |    55 |    63 |    75 ||   193
Dodge: Dodged            |    75 |    40 |    59 ||   174
